 Dungeon Sprint DCSS version 0.18-a0-816-g97f838e (webtiles) character file.

75941 pasperui the Grand Gadgeteer (level 15, -5/166 HPs)
             Began as a Naga Fighter on Dec 14, 2015.
             Was the Champion of Pakellas.
             Killed from afar by Mara (62 damage)
             ... with a bolt of fire
             ... in the Dungeon (Sprint IX: "|||||||||||||||||||||||||||||") on Dec 15, 2015.
             The game lasted 01:29:39 (5166 turns).

pasperui the Grand Gadgeteer (Naga Fighter)         Turns: 5166, Time: 01:29:39

Health: -5/166     AC: 40    Str: 27    XL:     15   Next: 51%
Magic:  22/29      EV:  8    Int: 10    God:    Pakellas [******]
Gold:   1286       SH: 14    Dex: 10    Spells: 0 memorised, 14 levels left

rFire  . . .     SeeInvis +     n - +2 morningstar (protect)
rCold  . . .     Clarity  .     J - +8 plate armour {ponderous}
rNeg   . . .     SustAt   .     c - +0 shield
rPois  +         Gourm    .     o - +0 helmet
rElec  .         Spirit   .     G - +0 cloak
rCorr  .         Dismiss  .     (no gloves)
rMut   .         NoTele   +     m - +0 naga barding
MR     +....                    (no amulet)
Stlth  ..........               r - +3 ring of strength
                                q - +2 ring of evasion

@: exhausted, slowed, very slow, somewhat resistant to hostile enchantments,
extremely unstealthy
A: see invisible, deformed body, poison resistance, slowness 2, slow metabolism
1, spit poison 2, constrict 1, AC +5
a: Spit Poison, Quick Charge, Device Surge, Supercharge, Renounce Religion


You were in the Dungeon.
You worshipped Pakellas.
Pakellas was exalted by your worship.
You were very hungry.

You visited 1 branch You collected 1912 gold pieces.
You spent 626 gold pieces at shops.

Inventory:

Hand Weapons
 n - a +2 morningstar of protection (weapon)
 Q - a +1 great mace
 X - a +0 dire flail of venom
Missiles
 L - 2 tomahawks (quivered)
 V - 2 javelins
Armour
 c - a +0 shield (worn)
 m - a +0 naga barding (worn)
 o - a +0 helmet (worn)
 G - a +0 cloak (worn)
 J - a +8 plate armour of ponderousness (worn)
 M - a +2 chain mail of magic resistance
 S - the cursed +1 fire dragon armour of Autumn {rF++ rC- MP+9 Int+3 Stlth+}
   (You found it in the Dungeon)

   It affects your intelligence (+3).
   It greatly protects you from fire.
   It makes you vulnerable to cold.
   It affects your magic capacity (+9).
   It makes you more stealthy.
   It has a curse placed upon it.
Rods
 p - a +4 lightning rod (11/11)
   (Pakellas gifted it to you in the Dungeon)
 s - a +5 rod of destruction (14/14)
   (Pakellas gifted it to you in the Dungeon)
 R - a +6 iron rod (7/13)
   (Pakellas gifted it to you in the Dungeon)
Jewellery
 b - an uncursed ring of protection from cold
 q - a +2 ring of evasion (left hand)
 r - a +3 ring of strength (right hand)
 P - an uncursed ring of protection from magic
Wands
 a - a wand of cold (0)
 l - a wand of draining (0)
 H - a wand of digging (4)
 K - a wand of fire (8)
 N - a wand of teleportation (7)
 U - a wand of heal wounds (4)
 W - a wand of fireball (7)
Scrolls
 h - 4 scrolls of remove curse
 j - 2 scrolls of amnesia
 k - 6 scrolls of blinking
 x - 2 scrolls of fog
 y - 2 scrolls of enchant armour
 z - 3 scrolls of recharging
 A - a scroll of identify
 T - a scroll of fear
Potions
 d - a potion of invisibility
 e - 7 potions of curing
 g - 7 potions of heal wounds
 i - 4 potions of magic
 u - a potion of cure mutation
 v - 2 potions of haste
 C - a potion of flight
 O - a potion of lignification
 Y - a potion of might
Miscellaneous
 t - a phial of floods (inert)
 B - a lamp of fire (inert)
 I - a stone of tremors (inert)
 Z - a fan of gales
Comestibles
 f - 13 bread rations
 E - 35 fruits
 F - 12 meat rations


   Skills:
 - Level 19.1 Fighting
 - Level 17.2 Maces & Flails
 - Level 10.7 Throwing
 - Level 15.6 Armour
 - Level 6.0 Dodging
 - Level 14.5 Shields
 * Level 20.8 Evocations


You had 14 spell levels left.
You didn't know any spells.

Dungeon Overview and Level Annotations

Branches:
Dungeon (1/1)

Altars:
Cheibriados
Dithmenos
Elyvilon
Fedhas
Gozag
Kikubaaqudgha
Makhleb
Nemelex Xobeh
Okawaru
Pakellas
Qazlal
Ru
Sif Muna
Trog
Vehumet
Xom
Yredelemnul
Zin
The Shining One
Beogh
Jiyva
Lugonu

Shops:
D !??%

Annotations:
D Mara


Innate Abilities, Weirdness & Mutations

You cannot wear boots.
Your serpentine skin is tough (AC +5).
You have supernaturally acute eyesight.
Armour fits poorly on your strangely shaped body.
Your system is resistant to poisons.
You cover ground very slowly.
You have a slow metabolism.
You can spit poison.
You can use your snake-like lower body to constrict enemies.


Message History

The falling rubble hits Mara.
You kill Mara!
The falling rubble hits Mara.
Mara is moderately wounded.
The door collapses! x2
The rubble rises up and takes form.
Mara gestures.
Mara blinks!
Unknown command.
Mara gestures.
Mara blinks!
Mara hits you with a demon blade of pain.
You writhe in agony.
Unknown command.
You swap places.
Mara gestures at you.
The bolt of fire hits your earth elemental.
Your earth elemental completely resists.
The bolt of fire hits you!
You die...

▓.▓.▓.▓)▓.▓)▓.▓)▓.
▓.▓.▓.▓(▓.▓)▓.▓)▓.
▓.▓(▓.▓)▓.▓)▓.▓.▓.
▓.▓)▓.▓(▓.▓.▓.▓)▓.
▓.▓.▓.▓)▓.▓.▓.▓.▓.
▓.▓.▓.▓(▓.▓)▓.▓.▓.
▓R▓.▓.▓)▓)▓)▓.▓.▓.
▓E▓.▓.▓.▓.▓.▓.▓.▓.
▓@▓(▓.▓.▓.▓.▓.▓.▓.
▓)▓)▓.▓%▓.▓[▓.▓.▓.
▓.▓(▓.▓(▓.▓[▓.▓.▓.
▓.▓)▓.▓%▓.▓[▓.▓.▓.
▓.▓)▓.▓(▓.▓[▓.▓)▓.
▓.▓)▓.▓.▓.▓[▓.▓)▓.
▓.▓.▓.▓.▓.▓[▓.▓.▓.
▓.▓)▓.▓.▓.▓[▓.▓)▓.
▓.▓.▓.▓.▓.▓.▓.▓)▓.


You could see Mara and a friendly earth elemental.

Vanquished Creatures
  Norris (D)
  Frances (D)
  A sphinx (D)
  A tengu reaver (D)
  A storm dragon (D)
  A ghost moth (D)
  3 vault wardens (D)
  An emperor scorpion (D)
  A vampire knight (D)
  A stone giant (D)
  A spark wasp (D)
  3 ettins (D)
  2 great orbs of eyes (D)
  2 yaktaur captains (D)
  Josephine (D)
  A fire dragon (D)
  2 entropy weavers (D)
  A naga warrior (D)
  An ogre mage (D)
  2 ice dragons (D)
  A centaur warrior (D)
  Erica (D)
  3 hydras (D)
  An alligator snapping turtle (D)
  A tengu warrior (D)
  2 deep troll shamans (D)
  Urug (D)
  8 orc high priests (D)
  A naga sharpshooter (D)
  4 hell knights (D)
  2 sea snakes (D)
  A shadow wraith (D)
  A spriggan druid (D)
  3 naga ritualists (D)
  An ironbrand convoker (D)
  2 griffons (D)
  5 orc knights (D)
  A cyclops (D)
  An orb spider (D)
  A wolf spider (D)
  2 water nymphs (D)
  A slime creature (D)
  2 necromancers (D)
  A manticore (D)
  A hornet (D)
  2 ugly things (D)
  3 black mambas (D)
  A siren (D)
  Psyche (D)
  A vault sentinel (D)
  3 spiny frogs (D)
  3 naga magi (D)
  A yaktaur (D)
  A guardian mummy (D)
  A freezing wraith (D)
  A polar bear (shapeshifter) (D)
  2 giant leeches (D)
  A boulder beetle (D)
  A bog body (D)
  A spriggan (D)
  2 blink frogs (D)
  3 wraiths (D)
  A redback (D)
  3 hippogriffs (D)
  2 yaks (D)
  Grum (D)
  A hungry ghost (D)
  A trapdoor spider (D)
  3 vampire mosquitoes (D)
  A basilisk (D)
  A steam dragon (D)
  An insubstantial wisp (D)
  3 wolves (D)
  A water moccasin (D)
  A naga (D)
  10 orc warriors (D)
  A sky beast (D)
  2 centaurs (D)
  A crocodile (D)
  9 giant frogs (D)
  A crimson imp (D)
  A hound (D)
  5 orc priests (D)
  5 orc wizards (D)
  3 worker ants (D)
  An adder (D)
  An adder zombie (D)
  An adder skeleton (D)
  4 orcs (D)
  A bat zombie (D)
  A bat (D)
  A giant newt (D)
  A kobold (D)
  2 quokka skeletons (D)
  2 rats (D)
177 creatures vanquished.

Vanquished Creatures (collateral kills)
  A deep elf blademaster (D)
  A vault warden (D)
  A rakshasa (D)
  A yaktaur captain (D)
  A centaur warrior (D)
  An orc high priest (D)
  A shadow wraith (D)
  A swamp dragon (D)
  An orc knight (D)
  An ugly thing (D)
  A spiny frog (D)
  A giant leech (D)
  A freezing wraith (D)
  A wraith (D)
  A vampire mosquito (D)
  A water elemental (D)
  An ice beast (shapeshifter) (D)
17 creatures vanquished.

Vanquished Creatures (others)
  Margery (D)
  A spatial maelstrom (D)
  A vault sentinel (D)
  A shadow (D)
4 creatures vanquished.

Grand Total: 198 creatures vanquished

Notes
Turn   | Place    | Note
--------------------------------------------------------------
     0 | D        | pasperui the Naga Fighter began the quest for the Orb.
     0 | D        | Reached XP level 1. HP: 21/21 MP: 1/1
     3 | D        | Banished a spatial maelstrom
    50 | D        | Noticed a centaur
    50 | D        | Noticed a crimson imp
    50 | D        | Noticed a worker ant
    50 | D        | Noticed a sky beast
    55 | D        | Killed a centaur
    55 | D        | Reached skill level 7 in Maces & Flails
    55 | D        | Reached XP level 2. HP: 25/28 MP: 2/2
    55 | D        | Reached XP level 3. HP: 30/34 MP: 3/3
    55 | D        | Reached XP level 4. HP: 37/42 MP: 4/4
    59 | D        | Reached skill level 8 in Maces & Flails
    68 | D        | Reached skill level 9 in Maces & Flails
    68 | D        | Reached XP level 5. HP: 38/49 MP: 5/5
    73 | D        | Killed a sky beast
    73 | D        | Reached XP level 6. HP: 45/66 MP: 6/6
    86 | D        | Found a glowing silver altar of Zin.
    86 | D        | Found a glowing golden altar of the Shining One.
    86 | D        | Found an ancient bone altar of Kikubaaqudgha.
    86 | D        | Found a basalt altar of Yredelemnul.
    86 | D        | Found a shimmering altar of Xom.
    86 | D        | Found a radiant altar of Vehumet.
    87 | D        | Found an iron altar of Okawaru.
    88 | D        | Found a burning altar of Makhleb.
    89 | D        | Found a deep blue altar of Sif Muna.
    90 | D        | Found a bloodstained altar of Trog.
    91 | D        | Found a sparkling altar of Nemelex Xobeh.
    92 | D        | Found a white marble altar of Elyvilon.
    93 | D        | Found a roughly hewn altar of Beogh.
    94 | D        | Found a viscous altar of Jiyva.
    95 | D        | Found a corrupted altar of Lugonu.
    96 | D        | Found a blossoming altar of Fedhas.
    97 | D        | Found a snail-covered altar of Cheibriados.
    98 | D        | Found a shadowy altar of Dithmenos.
    99 | D        | Found a stormy altar of Qazlal.
   100 | D        | Found an opulent altar of Gozag.
   101 | D        | Found a sacrificial altar of Ru.
   102 | D        | Found an oddly glowing altar of Pakellas.
   110 | D        | Became a worshipper of Pakellas the Inventive
   172 | D        | Noticed a hippogriff
   172 | D        | Noticed a steam dragon
   177 | D        | Killed a steam dragon
   177 | D        | Reached * piety under Pakellas
   181 | D        | Killed a hippogriff
   181 | D        | Reached XP level 7. HP: 60/72 MP: 8/13
   185 | D        | Reached ** piety under Pakellas
   185 | D        | Received a gift from Pakellas
   333 | D        | Noticed a hungry ghost
   333 | D        | Noticed a six-headed hydra
   335 | D        | Reached *** piety under Pakellas
   336 | D        | Killed a six-headed hydra
   336 | D        | Reached XP level 8. HP: 80/80 MP: 15/15
   358 | D        | Reached **** piety under Pakellas
   358 | D        | Received a gift from Pakellas
   375 | D        | Identified a +4 rod of destruction (12/12) (Pakellas gifted it to you in the Dungeon)
   400 | D        | Noticed Psyche
   403 | D        | Killed Psyche
   403 | D        | Reached skill level 5 in Shields
   403 | D        | Reached XP level 9. HP: 86/86 MP: 16/16
   489 | D        | Noticed a spiny frog
   491 | D        | Killed a spiny frog
   492 | D        | Reached ***** piety under Pakellas
   495 | D        | Reached skill level 10 in Maces & Flails
   496 | D        | Noticed a spiny frog
   501 | D        | Reached skill level 11 in Maces & Flails
   502 | D        | Killed a spiny frog
   502 | D        | Reached skill level 12 in Maces & Flails
   506 | D        | Noticed a black mamba
   516 | D        | Killed a black mamba
   654 | D        | Noticed a black mamba
   655 | D        | Reached ****** piety under Pakellas
   655 | D        | Reached XP level 10. HP: 94/94 MP: 8/17
   656 | D        | Reached skill level 10 in Evocations
   657 | D        | Killed a black mamba
   659 | D        | Noticed a seven-headed hydra
   662 | D        | Killed a seven-headed hydra
   662 | D        | Reached skill level 13 in Evocations
   664 | D        | Received a gift from Pakellas
   700 | D        | Reached skill level 14 in Maces & Flails
   866 | D        | Noticed Grum
   871 | D        | Killed Grum
   886 | D        | Reached XP level 11. HP: 83/104 MP: 21/21
  1004 | D        | Received a gift from Pakellas
  1084 | D        | Noticed an orc high priest
  1089 | D        | Killed an orc high priest
  1125 | D        | Reached skill level 15 in Evocations
  1171 | D        | Found Siucuram's Distillery.
  1171 | D        | Noticed an orc knight
  1171 | D        | Noticed an orc knight
  1171 | D        | Noticed an orc knight
  1171 | D        | Noticed an orc high priest
  1171 | D        | Noticed an orc high priest
  1174 | D        | Killed an orc high priest
  1174 | D        | Reached skill level 10 in Fighting
  1175 | D        | Killed an orc high priest
  1177 | D        | Killed an orc knight
  1185 | D        | Killed an orc knight
  1193 | D        | Killed an orc knight
  1197 | D        | Noticed an orc knight
  1198 | D        | Noticed an orc high priest
  1211 | D        | Killed an orc knight
  1220 | D        | Killed an orc high priest
  1220 | D        | Received a gift from Pakellas
  1222 | D        | Noticed an orc high priest
  1511 | D        | Killed an orc high priest
  1670 | D        | Found Piusuat's Magic Scroll Shoppe.
  1674 | D        | Found Pyahos's Magic Scroll Emporium.
  1679 | D        | Found Geubomour's Food Shoppe.
  1686 | D        | Noticed an orc high priest
  1688 | D        | Noticed an orc high priest
  1689 | D        | Noticed an orc high priest
  1690 | D        | Noticed an orc knight
  1692 | D        | Noticed an orc high priest
  1692 | D        | Killed an orc high priest
  1692 | D        | Reached XP level 12. HP: 118/129 MP: 9/23
  1697 | D        | Killed an orc high priest
  1697 | D        | Reached skill level 15 in Maces & Flails
  1698 | D        | Killed an orc high priest
  1698 | D        | Killed an orc high priest
  1698 | D        | Reached skill level 16 in Maces & Flails
  1850 | D        | Noticed Josephine
  1865 | D        | Killed Josephine
  1865 | D        | Reached skill level 17 in Maces & Flails
  1957 | D        | Got the cursed +1 fire dragon armour of Autumn {rF++ rC- MP+9 Int+3 Stlth+}
  1991 | D        | Noticed a fire dragon
  1992 | D        | Reached skill level 10 in Armour
  2004 | D        | Killed a fire dragon
  2009 | D        | Noticed an ettin
  2013 | D        | Noticed a tengu warrior
  2017 | D        | Noticed a deep troll shaman
  2020 | D        | Killed an ettin
  2020 | D        | Killed a deep troll shaman
  2020 | D        | Received a gift from Pakellas
  2021 | D        | Noticed a rakshasa
  2021 | D        | Killed a tengu warrior
  2027 | D        | Noticed a centaur warrior
  2031 | D        | Killed a rakshasa
  2033 | D        | Killed a centaur warrior
  2201 | D        | Noticed Erica
  2204 | D        | Killed Erica
  2204 | D        | Gained mutation: You can use your snake-like lower body to constrict enemies. [Naga growth]
  2204 | D        | Reached XP level 13. HP: 124/136 MP: 24/24
  2287 | D        | Noticed Frances
  2299 | D        | Killed Frances
  2681 | D        | Bought a scroll of blinking for 90 gold pieces
  2681 | D        | Bought a scroll of recharging for 114 gold pieces
  2683 | D        | Bought a scroll of blinking for 97 gold pieces
  2683 | D        | Bought 2 scrolls of recharging for 247 gold pieces
  2685 | D        | Bought a potion of curing for 39 gold pieces
  2685 | D        | Bought a potion of curing for 39 gold pieces
  3097 | D        | Reached skill level 15 in Fighting
  3099 | D        | Received a gift from Pakellas
  3121 | D        | Reached skill level 10 in Shields
  3300 | D        | Noticed a ghost moth
  3302 | D        | Noticed an emperor scorpion
  3309 | D        | Reached skill level 1 in Throwing
  3310 | D        | Killed a ghost moth
  3320 | D        | Killed an emperor scorpion
  3498 | D        | Reached XP level 14. HP: 150/150 MP: 10/26
  3510 | D        | Received a gift from Pakellas
  3609 | D        | Noticed Urug
  3624 | D        | Killed Urug
  3719 | D        | Noticed a sphinx
  3738 | D        | Reached skill level 18 in Fighting
  3738 | D        | Killed a sphinx
  3748 | D        | Reached skill level 19 in Fighting
  3812 | D        | Noticed a tengu reaver
  3815 | D        | Noticed a stone giant
  3824 | D        | Killed a tengu reaver
  3858 | D        | Killed a stone giant
  3858 | D        | Received a gift from Pakellas
  3874 | D        | Noticed a vault warden
  3890 | D        | Killed a vault warden
  3897 | D        | Noticed a deep elf blademaster
  3906 | D        | Reached skill level 20 in Evocations
  3910 | D        | Killed a deep elf blademaster
  4128 | D        | Noticed a vault warden
  4133 | D        | Noticed a vault warden
  4141 | D        | Killed a vault warden
  4146 | D        | Killed a vault warden
  4146 | D        | Reached skill level 10 in Throwing
  4146 | D        | Reached XP level 15. HP: 141/166 MP: 29/29
  4177 | D        | Received a gift from Pakellas
  4179 | D        | Noticed a storm dragon
  4197 | D        | Killed a storm dragon
  4453 | D        | Noticed Margery
  4456 | D        | Reached skill level 15 in Armour
  4466 | D        | Killed Margery
  5005 | D        | Noticed Norris
  5009 | D        | Killed Norris
  5070 | D        | Upgraded the game from 0.18-a0-801-gb01a236 to 0.18-a0-816-g97f838e
  5087 | D        | Noticed Mara
  5089 | D        | Noticed pasperui's illusion
  5166 | D        | Killed from afar by Mara

Vault maps used:
D:        linesprint

Action                   |  1- 3 |  4- 6 |  7- 9 | 10-12 | 13-15 || total
-------------------------+-------+-------+-------+-------+-------++-------
Melee: Flail             |    10 |    11 |       |       |       ||    21
       Morningstar       |       |     7 |    37 |   149 |   200 ||   393
Throw: Tomahawk          |       |       |       |       |    14 ||    14
       Javelin           |       |       |       |       |     6 ||     6
Invok: Quick Charge      |       |       |     1 |     2 |     3 ||     6
 Abil: Spit Poison       |     1 |       |     2 |     3 |     9 ||    15
Evoke: Wand              |       |     2 |     6 |    19 |     9 ||    36
       Rod               |       |       |     5 |    17 |    33 ||    55
       Lamp of fire      |       |       |       |     4 |    18 ||    22
       Stone of tremors  |       |       |       |     2 |     3 ||     5
       Phial of floods   |       |       |       |       |     1 ||     1
  Use: Potion            |     1 |     3 |       |     3 |     2 ||     9
       Scroll            |       |       |       |       |     3 ||     3
  Eat: Chunk             |       |       |     5 |     6 |     8 ||    19
       Fruit             |       |       |       |       |     5 ||     5
